 Dungeon Crawl Stone Soup version 0.29-a0-1023-g6ae1a4a2c7 (webtiles) character file.

Game seed: 5127458998920975293

542 tatocazan the Chopper (level 7, -2/55 HPs)
             Began as a Demonspawn Fighter on Aug 12, 2022.
             Was an Initiate of Gozag.
             Slain by an ogre
             ... wielding a +0 giant club
              (6 damage)
             ... on level 4 of the Dungeon.
             The game lasted 00:05:16 (3590 turns).

tatocazan the Chopper (Demonspawn Fighter)          Turns: 3590, Time: 00:05:17

Health: -2/55      AC:  9    Str: 24    XL:     7   Next: 6%
Magic:  0/7        EV:  7    Int:  9    God:    Gozag
Gold:   204        SH:  5    Dex: 13    Spells: 6/6 levels left

rFire   . . .      SeeInvis .   a - +0 war axe
rCold   . . .      Faith    .   c - +0 buckler
rNeg    . . .      Spirit   +   v - +0 chain mail
rPois   .          Reflect  .   (no helmet)
rElec   .          Harm     .   (no cloak)
rCorr   .          Rampage  .   (no gloves)
Will    .....                   (no boots)
Stlth   ..........              (no amulet)
HPRegen 0.18/turn               g - +6 ring of strength
MPRegen 0.20/turn               j - +4 ring of slaying

@: hasted, very quick
A: hooves 1, magic shield, magic regeneration, weakness stinger 2
a: Renounce Religion, Potion Petition, Call Merchant, Bribe Branch


You were on level 4 of the Dungeon.
You worshipped Gozag.
Gozag was aware of your devotion.
You visited 1 branch of the dungeon, and saw 4 of its levels.

You collected 255 gold pieces.
You paid 51 gold pieces to Gozag.

Inventory:

Hand Weapons
 a - a +0 war axe (weapon)
Missiles
 i - 2 javelins (quivered)
 x - 5 silver javelins
Armour
 b - a +0 scale mail
 c - a +0 buckler (worn)
 v - a +0 chain mail (worn)
Jewellery
 g - a +6 ring of strength (left hand)
 h - a +6 ring of intelligence
 j - a +4 ring of slaying (right hand)
 n - a +6 ring of dexterity
Wands
 s - a wand of quicksilver (2)
Scrolls
 f - 3 scrolls of identify
 l - 3 scrolls of teleportation {unknown}
 o - a scroll of butterflies {unknown}
 q - a scroll of enchant weapon {unknown}
 u - a scroll of magic mapping {unknown}
 w - a scroll of blinking {unknown}
Potions
 d - a potion of might
 e - 2 potions of attraction
 k - a potion of invisibility
 m - a potion of cancellation {unknown}
 p - a potion of haste
 r - 3 potions of curing {unknown}
 t - a potion of degeneration {unknown}


   Skills:
 + Level 4.4 Fighting
 * Level 4.6 Axes
 + Level 4.0 Armour
 + Level 4.1 Shields


You had 6 spell levels left.
You didn't know any spells.
Your spell library contained the following spells:

 Spells                   Type           Power      Damage    Failure   Level
 Portal Projectile        Hex/Tloc       0%         N/A       100%        3
 Stone Arrow              Conj/Erth      0%         3d7       100%        3
 Tukima's Dance           Hex            0%         N/A       100%        3
 Animate Armour           Summ/Erth      0%         N/A       100%        4
 Blade Hands              Tmut           0%         N/A       100%        5
 Lehudib's Crystal Spear  Conj/Erth      0%         10d2      100%        8


Dungeon Overview and Level Annotations

Branches:
Dungeon (4/15)
 Temple: D:4-7

Altars:
Gozag


Innate Abilities, Weirdness & Mutations

You have large cloven feet.
When hurt, damage is shared between your health and your magic reserves.
You regenerate magic rapidly.
You have a tail ending in a sharp stinger.


Message History

The ball python barely misses you. The ball python constricts you.
The ogre hits you with a +0 giant club!
The orc hits you from afar with a +0 trident.
Something hits you. You block the ball python's attack.
The ball python constricts you.
You take 12 damage, and have 36/55 hp.
MASSIVE DAMAGE!!
You now have 4/7 mp.
You miss something. You kick something.
Reactivating autopickup.
You feel a bit more experienced.
You completely miss the ogre. You slash the ball python!
You kill the ball python!
The orc wizard gestures at you while chanting.
You resist with some effort. You block the orc's attack.
The ogre hits you with a +0 giant club!
You take 11 damage, and have 25/55 hp.
You now have 3/7 mp.
The orc wizard casts a spell.
The orc wizard flickers and vanishes!
Deactivating autopickup; reactivate with Ctrl-A.
You block the orc's attack.
Things that are here:
8 gold pieces; a +0 dagger; a +0 robe You hit something.
You hit the ogre. The ogre hits you with a +0 giant club!
* * * LOW HITPOINT WARNING * * *
Something hits you but does no damage. The orc hits you but does no damage. x2
Something completely misses you.
You take 9 damage, and have 16/55 hp.
You now have 3/7 mp.
You closely miss something. Your kick misses something. You slash the ogre!
The ogre barely misses you. Something hits you but does no damage.
The orc hits you but does no damage.
You hit something. Your kick misses something. You barely miss the ogre.
The ogre hits you with a +0 giant club!
* * * LOW HITPOINT WARNING * * *
Something hits you but does no damage. You block the orc's attack.
You take 12 damage, and have 4/55 hp.
MASSIVE DAMAGE!!
You now have 1/7 mp.
It was a potion of haste.
You feel yourself speed up.
You hear some strange, mumbled words.
Something tries to affect you, but you resist.
The orc closely misses you. The ogre hits you with a +0 giant club!
You die...
Your body crumbles into a pile of gold.

........... ...
................
.......... .....
................
.......#.#.#.#.#.
........o.........
.......#{#o#.#.#.#.#.
...)...O@$............
..<..?.#.#.#.#.#.#.#.#
.....................
...........#.#.#.#.#.#.#
.......................
...........#.#.#.#.#.#.#.#
..........................
.........#.#.#.#.#.#.#.
###......................


You could see an ogre and 2 orcs.

Vanquished Creatures
  Grinder (D:3)
  A scorpion (D:4)
  A hound (D:4)
  6 orc wizards
  4 adders
  A dart slug (D:3)
  9 orcs
  6 endoplasms
  A giant cockroach (D:1)
  5 goblins
  8 hobgoblins
  5 quokkas
  8 ball pythons
  6 bats
  6 frilled lizards
  5 kobolds
  10 rats
83 creatures vanquished.

Notes
Turn   | Place    | Note
-------+----------+-------------------------------------------
     0 | D:1      | tatocazan the Demonspawn Fighter began the quest for the
                  | Orb.
     0 | D:1      | Reached XP level 1. HP: 18/18 MP: 1/1
   617 | D:1      | Discovered your monstrous ancestry.
   617 | D:1      | Gained mutation: You have a small tail. [demonic ancestry]
   617 | D:1      | Reached XP level 2. HP: 23/24 MP: 2/2
  1185 | D:2      | Gained mutation: You have large cloven feet. [demonic
                  | ancestry]
  1185 | D:2      | Reached XP level 3. HP: 29/29 MP: 3/3
  1387 | D:2      | Reached XP level 4. HP: 13/35 MP: 4/4
  2242 | D:3      | Noticed Grinder
  2249 | D:3      | Gained mutation: You regenerate magic rapidly. [demonic
                  | ancestry]
  2249 | D:3      | Reached XP level 5. HP: 41/41 MP: 5/5
  2254 | D:3      | Paralysed by Grinder for 3 turns
  2257 | D:3      | Killed Grinder
  2258 | D:3      | Gained mutation: When hurt, damage is shared between your
                  | health and your magic reserves. [demonic ancestry]
  2258 | D:3      | Reached XP level 6. HP: 46/48 MP: 6/6
  2713 | D:3      | Found an opulent altar of Gozag.
  2819 | D:3      | Became a worshipper of Gozag Ym Sagoz the Greedy
  3085 | D:3      | Found a faded altar of an unknown god.
  3369 | D:4      | Gained mutation: You have a tail ending in a sharp stinger.
                  | [demonic ancestry]
  3369 | D:4      | Reached XP level 7. HP: 24/55 MP: 7/7
  3590 | D:4      | Slain by an ogre

Illustrated notes

Levels and vault maps discovered:
D:1:      nicolae_arrival_somewhat_less_tricky_arrival, layout_basic,
          nicolae_figureground_sparkle
D:2:      layout_loops_ring, minmay_fractal_squares_5
D:3:      layout_loops_corners, nicolae_gozag_seed_capital,
          nicolae_ecumenical_oubliette, uniq_grinder
D:4:      layout_basic, cheibriados_altar_1, minmay_temple_entry_glass,
          serial_shops, kennysheep_little_box, st_stairs_11

Skill      XL: |  1  2  3  4  5  6 |
---------------+-------------------+-----
Axes           | 2 3 4 |  4.6
Shields        | 3 4 |  4.1
Armour         | 3 4 |  4.0
Fighting       | 4 |  4.4

Action                   |  1- 3 |  4- 6 |  7- 9 || total
-------------------------+-------+-------+-------++-------
Melee: War axe           |    58 |    91 |     8 ||   157
       Tailslap          |     1 |     9 |       ||    10
       Kick              |     3 |    24 |     3 ||    30
Evoke: Wand              |       |     1 |       ||     1
  Use: Scroll            |     2 |       |       ||     2
       Potion            |       |       |     1 ||     1
Armor: Scale mail        |    21 |    12 |       ||    33
       Chain mail        |       |    32 |    13 ||    45
Dodge: Dodged            |    14 |    31 |     7 ||    52
Block: Buckler           |    14 |    13 |     6 ||    33

Table legend: (Time is in decaauts)
 A = Elapsed time spent in this place.
 B = Non-inter-level travel time spent in this place.
 C = Inter-level travel time spent in this place.
 D = Time resting spent in this place.
 E = Time spent auto-exploring this place.
 F = Levels seen in this place.
 G = Mean time per level.
                   A        B        C        D        E       F      G
               +--------+--------+--------+--------+--------+-----+--------+
         Total |   3647 |   3531 |    116 |    731 |   2302 |   4 |  911.8 |
       Dungeon |   3647 |   3531 |    116 |    731 |   2302 |   4 |  911.8 |
               +--------+--------+--------+--------+--------+-----+--------+

Top non-repeatable levels by time:
     D:2: 1143 daAuts
     D:3: 1071 daAuts
     D:1: 1040 daAuts
     D:4: 391 daAuts
